 Dungeon Crawl Stone Soup version 0.28.0-53-g5a82cb258f (webtiles) character file.

Game seed: 16265474847737898774

105053 jfcaron the Unseen (level 16, 105/105 HPs)
             Began as a Kobold Brigand on Feb 28, 2022.
             Was the Champion of Okawaru.
             Quit the game on level 15 of the Dungeon on June 26, 2022.
             The game lasted 01:52:26 (38785 turns).

jfcaron the Unseen (Kobold Brigand)                Turns: 38785, Time: 01:52:27

Health: 105/105    AC: 15    Str: 24    XL:     16   Next: 94%
Magic:  23/23      EV: 42    Int: 12    God:    Okawaru [******]
Gold:   783        SH:  8    Dex: 25    Spells: 15/15 levels left

rFire   + . .      SeeInvis .   p - +3 short sword (elec)
rCold   . . .      Faith    .   y - +0 buckler
rNeg    . . .      Spirit   .   j - +3 leather armour {rF+}
rPois   .          Reflect  .   R - +0 helmet
rElec   .          Harm     .   D - +0 cloak of Blue Skies {Str+3 Dex+7 Stlth+}
rCorr   .          Rampage  .   g - +2 pair of gloves
Will    ++...                   n - +2 pair of boots
Stlth   +++++++++.              h - amulet of the acrobat
HPRegen 0.27/turn               i - +6 ring of strength
MPRegen 0.18/turn               e - ring of willpower

@: acrobatic
A: small, no large weapons, nightstalker 3
a: Renounce Religion, Heroism, Finesse, Duel


You were on level 15 of the Dungeon.
You worshipped Okawaru.
Okawaru was exalted by your worship.
You visited 4 branches of the dungeon, and saw 24 of its levels.
You also visited: Sewer, Ossuary, Gauntlet, Ice Cave and Volcano.

You collected 2538 gold pieces.
You spent 1755 gold pieces at shops.

Inventory:

Hand Weapons
 a - a +4 quick blade
 p - a +3 short sword of electrocution (weapon)
 C - the +2 short sword of Crystal {flame, rC+ rN+ Dex+3 Stlth+}
   (You found it on level 4 of the Dungeon)

   It burns those it strikes, dealing additional fire damage.
   Dex:       It affects your dexterity (+3).
   rC:        It protects you from cold.
   rN:        It protects you from negative energy.
   Stlth:     It makes you more stealthy.
Missiles
 d - 54 poisoned darts
 l - 6 boomerangs of dispersal
 s - 3 silver boomerangs
 v - a throwing net {!f}
 z - 19 boomerangs (quivered)
 A - 5 datura-tipped darts
 P - 13 atropa-tipped darts
 U - 10 curare-tipped darts {!f}
Armour
 g - a +2 pair of gloves (worn)
 j - a +3 leather armour of fire resistance (worn)
 n - a +2 pair of boots (worn)
 y - a +0 buckler (worn)
 D - the +0 cloak of Blue Skies (worn) {Str+3 Dex+7 Stlth+}
   (Okawaru gifted it to you in an ice cave)

   Str:       It affects your strength (+3).
   Dex:       It affects your dexterity (+7).
   Stlth:     It makes you more stealthy.
 R - a +0 helmet (worn)
Jewellery
 c - the ring "Haliept" {Ice rPois}
   (You took it off a reaper in an ice cave)

   [ring of ice]

   It enhances your ice magic.
   rF:        It makes you vulnerable to fire.
   rC:        It protects you from cold.
   rPois:     It protects you from poison.
 e - a ring of willpower (right hand)
 h - an amulet of the acrobat (around neck)
 i - a +6 ring of strength (left hand)
 m - a ring of see invisible
 E - a ring of flight
Wands
 H - a wand of acid (1)
 I - a wand of polymorph (9)
 J - a wand of iceblast (17)
 S - a wand of flame (72)
 W - a wand of digging (7)
 X - a wand of paralysis (5)
Scrolls
 k - 4 scrolls of holy word
 o - 8 scrolls of fog
 q - a scroll of magic mapping
 x - 2 scrolls of silence
 L - 2 scrolls of torment
 M - 2 scrolls of fear
 N - 10 scrolls of teleportation
 Q - 2 scrolls of immolation
 V - 3 scrolls of vulnerability
 Z - a scroll of blinking
Potions
 b - a potion of resistance
 f - 7 potions of mutation
 r - a potion of cancellation
 t - 2 potions of ambrosia
 u - 3 potions of heal wounds
 w - 13 potions of curing
 B - a potion of invisibility
 F - 4 potions of lignification
 G - 7 potions of attraction
 K - 4 potions of haste
 O - a potion of magic
 T - 2 potions of might
Miscellaneous
 Y - a phial of floods


   Skills:
 + Level 13.8 Fighting
 + Level 13.6 Short Blades
 + Level 13.7 Throwing
 - Level 6.3 Armour
 + Level 14.0 Dodging
 + Level 17.2 Stealth
 - Level 5.0 Shields
 - Level 10.0 Invocations


You had 15 spell levels left.
You didn't know any spells.
Your spell library contained the following spells:

 Spells                   Type           Power      Damage    Failure   Level
 Apportation              Tloc           0%         N/A       47%         1
 Pain                     Necr           0%         1d4       47%         1
 Sandblast                Erth           0%         2d4       47%         1
 Slow                     Hex            0%         N/A       47%         1
 Ensorcelled Hibernation  Hex/Ice        0%         N/A       63%         2
 Passwall                 Tmut/Erth      0%         N/A       63%         2
 Static Discharge         Conj/Air       0%         N/A       63%         2
 Confusing Touch          Hex            0%         N/A       85%         3
 Dazzling Flash           Conj/Hex       0%         N/A       85%         3
 Frozen Ramparts          Ice            0%         1d2       85%         3
 Stone Arrow              Conj/Erth      0%         3d7       85%         3
 Swiftness                Air            0%         N/A       85%         3
 Vampiric Draining        Necr           0%         2d6       85%         3
 Dispel Undead            Necr           0%         3d6       99%         4
 Ice Form                 Ice/Tmut       0%         N/A       99%         4
 Iskenderun's Mystic Bla  Conj/Tloc      0%         2d3       99%         4
 Sticky Flame             Conj/Fire      0%         2d3       99%         4
 Agony                    Necr           0%         N/A       100%        5
 Alistair's Intoxication  Tmut/Pois      0%         N/A       100%        5
 Blade Hands              Tmut           0%         N/A       100%        5
 Excruciating Wounds      Necr           0%         N/A       100%        5
 Iron Shot                Conj/Erth      0%         9d1       100%        6
 Starburst                Conj/Fire      0%         6d3       100%        6
 Borgnjor's Revivificati  Necr           0%         N/A       100%        8
 Animate Armour           Summ/Erth      Unusable   N/A       N/A         4
 Animate Dead             Necr           Unusable   N/A       N/A         4
 Summon Ice Beast         Ice/Summ       Unusable   N/A       N/A         4
 Infestation              Necr           Unusable   N/A       N/A         8

Dungeon Overview and Level Annotations

Branches:
Dungeon (15/15)            Temple (1/1) D:6            Lair (6/6) D:9
 Shoals (0/4) Lair:2       Spider (0/4) Lair:2        Slime (0/5) Lair:5
    Orc (2/2) D:11            Elf (0/3) Orc:2        Vaults (0/5) D:14
 Depths (0/4) D:15          Sewer (visited)         Ossuary (visited)
  IceCv (visited)         Volcano (visited)         Gauntlet (visited)

Altars:
Ashenzari
Cheibriados
Dithmenos
Elyvilon
Fedhas
Gozag
Hepliaklqana
Kikubaaqudgha
Makhleb
Nemelex Xobeh
Okawaru
Qazlal
Ru
Sif Muna
Trog
Uskayaw
Vehumet
Wu Jian
Xom
Yredelemnul
Zin
The Shining One

Shops:
D:8 *   D:11 *   D:13 ?   D:15 :   Orc:2 =(*[

Annotations:
Lair:6 iguanaiguana's ghost, journeyman PaFi
Orc:2 2 transporters, hito's ghost, journeyman VSFi


Innate Abilities, Weirdness & Mutations

You are small and have problems with some larger weapons.
You are completely attuned to the shadows.


Message History

Throw: 19 boomerangs
Press: ? - help, Q - select action, (/) - cycle Shift-Dir - straight line, f - you Marked for pickup.
Okay, then.
You can't carry that many items.
Your pack is full.
You see here a +2 ring mail of poison resistance.
Your pack is full.
You see here a +2 ring mail of poison resistance.
Could not pick up a +2 ring mail of poison resistance here; ([A]lways) ignore it?
Key pressed, stopping explore.
You see here a +0 falchion.
You see here a +0 robe.
You see here a +0 robe.
There is a stone staircase leading up here.
You see here a +0 giant spiked club.
Things that are here:
a +0 giant club; a +0 giant club You see here a +5 dagger.
Things that are here:
a +0 hand axe; a +0 robe; a +0 dagger You see here a +0 leather armour.
There is an escape hatch in the ceiling here.
Things that are here:
a scroll of enchant armour; a +0 mace You see here a +0 long sword.
You see here a +0 leather armour.
Done exploring.
Done exploring.
You see here a +2 ring mail of poison resistance.
Save game and exit?
Welcome back, jfcaron the Kobold Brigand.
Okawaru says: Bring me glory in combat!
Press ? for a list of commands and other information.
Unknown command.
Save game and exit?
Welcome back, jfcaron the Kobold Brigand.
Okawaru says: Bring me glory in combat!
Press ? for a list of commands and other information.
Are you sure you want to abandon this character and quit the game? (Confirm with "yes".)

.#####.#..........[..# ##.......#
####.........#####.### #........#
##...........####[## #.........
#.............##)..# #........#
#.......8.....##...# #........#
##.).8.........##...# #........#
.#8......8.8...##...####......)##
...(....>......................##
........8......[@.......)...##...
.#..........8.8.........#.####..#
.#............8.#...#.###.......#
##....8.........#...#.# #######.#
##.......8...#.#...#.# #.#
##......8..##.#...#.# #.#
##.#...#####.......# ####.# ###
#[##### ###...### #..... ..# #.#
########.....## #.##.#


There were no monsters in sight!

Vanquished Creatures
  Kirke (Lair:6)
  An orc warlord (Orc:2)
  A reaper (IceCv)
  A caustic shrike skeleton (D:15)
  A minotaur (Gauntlet)
  A red draconian (Volcano)
  A spriggan zombie (D:15)
  2 ogre magi
  3 centaur warriors
  5 catoblepae
  6 hydras
  12 two-headed ogres
  A vampire mage (D:15)
  2 tengu warriors (D:14)
  13 death yaks
  An orc high priest (Orc:2)
  Nergalle (Lair:2)
  A wretched star (Gauntlet)
  A spark wasp zombie (D:15)
  15 skeletal warriors
  A golden dragon zombie (D:15)
  A wizard (D:15)
  Pikel (D:7)
  8 orc knights
  A necromancer (D:15)
  5 orc sorcerers
  An ugly thing (D:12)
  2 deep elf pyromancers (D:13)
  6 cyclopes
  9 manticores
  14 elephants
  4 black mambas
  2 gargoyles
  2 ice statues (IceCv)
  Psyche (D:10)
  3 rime drakes
  13 cane toads
  A freezing wraith (IceCv)
  2 entropy weaver simulacra (IceCv)
  3 tengu conjurers
  An efreet (D:13)
  6 komodo dragons
  6 ice devils (IceCv)
  3 polar bears
  4 trolls
  A polar bear (shapeshifter) (D:14)
  Grinder (D:3)
  A wind drake (Lair:2)
  6 dream sheep (Lair:5)
  13 slime creatures
  4 blink frogs (Lair:4)
  4 culicivoras (Lair:2)
  A vampire (D:12)
  3 wraiths
  8 wyverns
  3 basilisks
  A dire elephant simulacrum (IceCv)
  60 yaks
  A fire elemental (D:13)
  A neqoxec (Gauntlet)
  3 hogs
  A steam dragon (D:8)
  3 death yak simulacra (IceCv)
  Edmund (D:6)
  Menkaure (D:7)
  5 acid dragons
  8 wargs
  13 water moccasins
  A harpy simulacrum (IceCv)
  2 hell hounds (Lair:6)
  35 orc warriors
  2 ice beasts
  3 black bears
  A sky beast (D:7)
  A necrophage (D:6)
  A boggart (D:14)
  17 wolves
  11 ogres
  13 centaurs
  2 phantoms
  4 kobold brigands
  4 scorpions
  9 bullfrogs
  2 two-headed ogre simulacra (IceCv)
  6 water moccasin zombies (Ossuary)
  A wyvern skeleton (D:5)
  A water moccasin skeleton (D:6)
  3 killer bees (D:9)
  7 wights
  An electric eel (Lair:2)
  7 howler monkeys
  A lava snake (D:13)
  3 centaur zombies
  A hound (D:6)
  11 orc priests
  4 jellies
  A centaur skeleton (D:6)
  A bullfrog skeleton (D:5)
  4 iguanas
  16 orc wizards
  4 troll simulacra (IceCv)
  A spriggan simulacrum (IceCv)
  A wolf simulacrum (IceCv)
  A killer bee zombie (D:9)
  3 mummies
  4 gnolls (D:8)
  17 adders
  A naga simulacrum (IceCv)
  2 river rats (Sewer)
  A shadow imp (D:6)
  2 white imps
  2 ufetubi (IceCv)
  5 adder zombies (Ossuary)
  An adder skeleton (D:5)
  2 worms (D:2)
  3 dart slugs (D:3)
  63 orcs
  8 ball pythons
  3 bats (D:3)
  4 endoplasms
  3 giant cockroaches
  13 hobgoblins
  9 jackals
  6 quokkas
  4 frilled lizards
  3 gnoll zombies (Ossuary)
  7 goblins
  6 hobgoblin zombies (Ossuary)
  15 kobolds
  2 kobold zombies (Ossuary)
  9 orc zombies (Ossuary)
  4 rats
  A bush (D:9)
  56 fungi
  44 plants
  13 withered plants
812 creatures vanquished.

Notes
Turn   | Place    | Note
-------+----------+-------------------------------------------
     0 | D:1      | jfcaron the Kobold Brigand began the quest for the Orb.
     0 | D:1      | Reached XP level 1. HP: 12/12 MP: 1/1
   338 | D:1      | Reached XP level 2. HP: 9/18 MP: 2/2
   506 | D:1      | Found a faded altar of an unknown god.
  1169 | D:2      | Reached XP level 3. HP: 15/22 MP: 3/3
  1864 | D:2      | Reached XP level 4. HP: 27/27 MP: 4/4
  2434 | D:3      | Found a glowing drain.
  2467 | Sewer    | Entered a sewer
  2527 | Sewer    | Reached XP level 5. HP: 32/32 MP: 5/5
  2538 | Sewer    | Reached skill level 6 in Stealth
  3127 | D:3      | Noticed Grinder
  3140 | D:3      | HP: 4/32 [Grinder (6)]
  3141 | D:3      | Killed Grinder
  3142 | D:3      | Reached XP level 6. HP: 4/38 MP: 6/6
  3142 | D:3      | Reached XP level 7. HP: 5/42 MP: 7/7
  3592 | D:3      | Found an ornate altar of the Wu Jian Council.
  3593 | D:3      | Found an ancient bone altar of Kikubaaqudgha.
  3596 | D:3      | Found a hazy altar of Hepliaklqana.
  4165 | D:4      | Identified the +2 short sword of Crystal {flame, rC+ rN+
                  | Dex+3 Stlth+}
  4227 | D:4      | Reached skill level 5 in Short Blades
  4227 | D:4      | Reached skill level 7 in Stealth
  4399 | D:4      | Found a snail-covered altar of Cheibriados.
  4659 | D:5      | Entered Level 5 of the Dungeon
  5057 | D:5      | Reached XP level 8. HP: 48/48 MP: 8/8
  5760 | D:5      | Reached skill level 8 in Stealth
  5761 | D:5      | Reached skill level 5 in Throwing
  5761 | D:5      | Reached skill level 5 in Dodging
  5964 | D:6      | Found a sand-covered staircase.
  5970 | Ossuary  | Entered an ossuary
  6017 | Ossuary  | Reached skill level 5 in Fighting
  6283 | Ossuary  | Reached XP level 9. HP: 54/54 MP: 9/9
  6644 | D:6      | Reached skill level 9 in Stealth
  6681 | D:6      | Noticed Edmund
  6701 | D:6      | Killed Edmund
  7379 | D:6      | Found a staircase to the Ecumenical Temple.
  7385 | Temple   | Entered the Ecumenical Temple
  7756 | Temple   | Became a worshipper of Elyvilon the Healer
  7866 | D:7      | Found an iron altar of Okawaru.
  7872 | D:7      | Reached XP level 10. HP: 61/61 MP: 10/10
  7874 | D:7      | Fell from the grace of Elyvilon
  7874 | D:7      | Became a worshipper of Warmaster Okawaru
  7894 | D:7      | Reached skill level 10 in Stealth
  7956 | D:7      | Noticed Pikel
  7978 | D:7      | Killed Pikel
  8120 | D:7      | Noticed Menkaure
  8128 | D:7      | Killed Menkaure
  8648 | D:7      | Reached * piety under Okawaru
  8993 | D:7      | Reached skill level 1 in Invocations
  9548 | D:8      | Found Duelurch's Assorted Antiques.
  9555 | D:8      | Bought a scroll of identify for 48 gold pieces
  9555 | D:8      | Bought a scroll labelled BUSTOOFAMA for 24 gold pieces
  9788 | D:8      | Noticed a two-headed ogre
  9837 | D:8      | Killed a two-headed ogre
  9837 | D:8      | Reached ** piety under Okawaru
  9838 | D:8      | Reached skill level 11 in Stealth
 10234 | D:8      | Reached XP level 11. HP: 52/68 MP: 12/12
 10419 | D:8      | Noticed a manticore
 10433 | D:8      | Killed a manticore
 10576 | D:8      | Bought a tiny emerald amulet for 120 gold pieces
 10581 | D:8      | Bought a scroll of fog for 48 gold pieces
 10581 | D:8      | Bought a scroll of fog for 48 gold pieces
 10581 | D:8      | Bought a scroll of fear for 84 gold pieces
 10708 | D:8      | Reached *** piety under Okawaru
 11321 | D:9      | Reached skill level 10 in Short Blades
 11321 | D:9      | Reached skill level 1 in Shields
 11632 | D:9      | Received a gift from Okawaru
 11872 | D:9      | Noticed a catoblepas
 11876 | D:9      | Killed a catoblepas
 11884 | D:9      | Reached **** piety under Okawaru
 11937 | D:9      | Found a staircase to the Lair.
 12021 | D:9      | Reached skill level 12 in Stealth
 12252 | D:10     | Entered Level 10 of the Dungeon
 12256 | D:10     | Received a gift from Okawaru
 12318 | D:10     | Noticed Psyche
 12322 | D:10     | Killed Psyche
 12344 | D:10     | Noticed a two-headed ogre
 12373 | D:10     | Killed a two-headed ogre
 12471 | D:10     | You fall into a shaft and drop 2 floors!
 13108 | D:11     | Found Gukk's General Store.
 13113 | D:11     | Bought a potion of lignification for 45 gold pieces
 13113 | D:11     | Bought a scroll of silence for 112 gold pieces
 13113 | D:11     | Bought a potion of attraction for 45 gold pieces
 13113 | D:11     | Bought a potion of curing for 45 gold pieces
 13349 | D:10     | Noticed a manticore
 13355 | D:10     | Killed a manticore
 13356 | D:10     | Reached XP level 12. HP: 70/75 MP: 15/15
 14087 | Lair:1   | Entered Level 1 of the Lair of Beasts
 14485 | Lair:1   | Reached skill level 5 in Invocations
 14946 | Lair:2   | Found a hole to the Spider Nest.
 14951 | Lair:2   | Received a gift from Okawaru
 14953 | Lair:2   | Noticed Nergalle
 14957 | Lair:2   | Killed Nergalle
 15137 | Lair:2   | Noticed a four-headed hydra
 15187 | Lair:2   | Killed a four-headed hydra
 15270 | Lair:2   | Received a gift from Okawaru
 15310 | Lair:2   | Found a staircase to the Shoals.
 15340 | Lair:2   | Reached skill level 10 in Dodging
 15691 | Lair:2   | Received a gift from Okawaru
 15901 | Lair:2   | Reached skill level 13 in Stealth
 16198 | Lair:2   | Received a gift from Okawaru
 17086 | Lair:3   | Reached ***** piety under Okawaru
 17106 | Lair:3   | Reached XP level 13. HP: 59/81 MP: 17/17
 18324 | Lair:4   | Found a gate leading to a gauntlet.
 18334 | Gauntlet | Entered a Gauntlet
 18334 | Gauntlet | Found a transporter.
 18346 | Gauntlet | Found a transporter.
 18347 | Gauntlet | Found a runed translucent door.
 18379 | Gauntlet | Noticed a hell beast
 18380 | Gauntlet | Found a transporter.
 18393 | Gauntlet | Found a transporter.
 18406 | Gauntlet | Found a transporter.
 18435 | Gauntlet | Found a transporter.
 18435 | Gauntlet | Found a transporter.
 18436 | Gauntlet | Noticed a quicksilver ooze
 18446 | Gauntlet | Found a transporter.
 18501 | Gauntlet | Found a transporter.
 18501 | Gauntlet | Found a transporter.
 18503 | Gauntlet | Found a runed translucent door.
 18516 | Gauntlet | Noticed a reaper
 18552 | Gauntlet | Found a transporter.
 18552 | Gauntlet | Found a transporter.
 18851 | Gauntlet | Identified the ring of Harmony {rN+ Slay+3}
 19064 | Gauntlet | Received a gift from Okawaru
 19065 | Gauntlet | Reached skill level 10 in Throwing
 19072 | Gauntlet | Reached skill level 10 in Fighting
 19078 | Gauntlet | Identified the amulet "Owkoung" {Faith rC+}
 19279 | Gauntlet | Identified the +5 shortbow "Hago" {flame, rPois Str+8
                  | Dex+4}
 19279 | Gauntlet | Noticed a minotaur
 19300 | Gauntlet | Killed a minotaur
 19313 | Gauntlet | Got Gofuf's Collected Works on Evil
 19613 | Lair:4   | Received a gift from Okawaru
 19691 | Lair:4   | Reached skill level 14 in Stealth
 20537 | Lair:5   | Received a gift from Okawaru
 21032 | Lair:5   | Noticed Kirke
 21099 | Lair:4   | HP: 13/83 [hog[Kirke] (4)]
 21531 | Lair:5   | Reached skill level 5 in Shields
 21738 | Lair:5   | Found a staircase to the Slime Pits.
 22042 | Lair:6   | Entered Level 6 of the Lair of Beasts
 22076 | Lair:6   | Killed Kirke
 22093 | Lair:6   | Reached XP level 14. HP: 54/88 MP: 19/19
 22271 | Lair:6   | Found a dark tunnel.
 22283 | Volcano  | Entered a volcano
 22407 | Volcano  | Noticed a red draconian
 22410 | Volcano  | Killed a red draconian
 22410 | Volcano  | Received a gift from Okawaru
 22631 | Lair:6   | Received a gift from Okawaru
 22634 | Lair:6   | Reached skill level 15 in Stealth
 22974 | Lair:6   | Received a gift from Okawaru
 23156 | Lair:6   | Reached skill level 1 in Armour
 23187 | Lair:6   | Found a runed translucent door.
 24062 | Lair:6   | Received a gift from Okawaru
 24542 | Lair:6   | Received a gift from Okawaru
 25007 | Lair:6   | Reached skill level 5 in Armour
 25133 | Lair:6   | Reached XP level 15. HP: 96/96 MP: 21/21
 25138 | Lair:6   | Identified the +0 ring mail of Divine Compulsion {Dex+10}
 25208 | Lair:6   | Noticed iguanaiguana's ghost (journeyman PaFi)
 25390 | D:11     | Found a hide-covered altar of Uskayaw.
 25515 | D:11     | Found a staircase to the Orcish Mines.
 26245 | D:12     | Identified the +6 falchion of Touptybag {elec, +Blink rElec
                  | rC- Will- Int+8}
 26390 | D:12     | Received a gift from Okawaru
 26398 | D:11     | Upgraded the game from 0.28.0-1-gb440e238dd to
                  | 0.28.0-43-g3370ac3207
 27080 | D:12     | Received a gift from Okawaru
 28019 | Orc:1    | Entered Level 1 of the Orcish Mines
 28631 | Orc:2    | Entered Level 2 of the Orcish Mines
 28638 | Orc:2    | Found Hovvobuk's Antique Weapon Shop.
 28676 | Orc:2    | Found Peivooti's General Store.
 29088 | Orc:2    | Found Ephoxkeu's Antique Armour Shoppe.
 29134 | Orc:2    | Noticed an orc warlord
 29258 | Orc:1    | Identified the +1 rapier of Disintegration {freeze, Dex+2}
                  | (Okawaru gifted it to you on level 1 of the Orcish Mines)
 29258 | Orc:1    | Received a gift from Okawaru
 29988 | Orc:2    | Paralysed by an orc sorcerer for 7 turns
 30007 | Orc:1    | HP: 16/93 [barbs]
 30561 | Orc:2    | Killed an orc warlord
 30677 | Orc:2    | Found a staircase to the Elven Halls.
 30748 | Orc:2    | Found a transporter.
 30752 | Orc:2    | Noticed hito's ghost (journeyman VSFi)
 30775 | Orc:2    | Found a transporter.
 31407 | Orc:2    | Found Nipaung's Jewellery Boutique.
 31448 | Orc:2    | Bought an embroidered hat for 161 gold pieces
 31489 | Orc:2    | Bought a ring of willpower for 375 gold pieces
 31494 | Orc:2    | Bought a ring of see invisible for 225 gold pieces
 31780 | D:13     | Reached skill level 16 in Stealth
 31801 | D:13     | Found a frozen archway.
 31886 | IceCv    | Entered an ice cave
 32756 | IceCv    | Identified the +0 cloak of Blue Skies {Str+3 Dex+7 Stlth+}
                  | (Okawaru gifted it to you in an ice cave)
 32756 | IceCv    | Received a gift from Okawaru
 33345 | IceCv    | Identified the ring "Haliept" {Ice rPois}
 33345 | IceCv    | Noticed a reaper
 33351 | IceCv    | Killed a reaper
 33806 | D:13     | Reached XP level 16. HP: 103/103 MP: 23/23
 34224 | D:13     | Found Xanirche's Magic Scroll Boutique.
 34230 | D:13     | Bought a scroll of teleportation for 39 gold pieces
 34230 | D:13     | Bought a scroll of magic mapping for 45 gold pieces
 34230 | D:13     | Bought a scroll of vulnerability for 97 gold pieces
 34230 | D:13     | Bought a scroll of vulnerability for 97 gold pieces
 34230 | D:13     | Bought a scroll of vulnerability for 97 gold pieces
 34784 | D:14     | Found a gate to the Vaults.
 35279 | D:14     | Reached ****** piety under Okawaru
 35683 | D:15     | Entered Level 15 of the Dungeon
 35809 | D:15     | HP: 7/104 [skeletal warrior/+0 mace (19)]
 36145 | D:15     | Received a gift from Okawaru
 36146 | D:15     | Reached skill level 10 in Invocations
 36518 | D:15     | Received a gift from Okawaru
 36636 | D:15     | Found a staircase to the Depths.
 37152 | D:15     | Reached skill level 17 in Stealth
 37327 | D:14     | HP: 19/104 [skeletal warrior/+0 war axe[a skeletal warrior]
                  | (10)]
 37330 | D:14     | HP: 7/104 [skeletal warrior/+0 war axe[a skeletal warrior]
                  | (13)]
 37848 | D:15     | Received a gift from Okawaru
 38457 | D:15     | Found Emmom's Book Shoppe.
 38494 | D:15     | Received a gift from Okawaru
 38785 | D:15     | Upgraded the game from 0.28.0-43-g3370ac3207 to
                  | 0.28.0-53-g5a82cb258f
 38785 | D:15     | Quit the game

Illustrated notes

Levels and vault maps discovered:
D:1:      scummos_arrival_star, layout_basic,
          hellmonk_ecumenical_altar_crossroads, hex_large
D:2:      layout_basic
D:3:      minmay_diamond_boxcup, layout_loops_ring,
          gammafunk_temple_overflow_forgotten, portal_sewer_entry_f,
          minmay_cut_off, uniq_grinder
D:4:      layout_basic, slow_altar_2
D:5:      corexii_shack_village, layout_rooms, grunt_decor_mini_mirrors,
          roderic_malta_cross, st_stairs_6
D:6:      layout_loops_cross, temple_green, nicolae_ossuary_entry_monument,
          minmay_crystal_room, uniq_edmund
D:7:      layout_basic, okawaru_gym_becter, grunt_ogre_cave,
          kennysheep_cluttered_room, uniq_menkaure, uniq_pikel
D:8:      layout_basic, serial_shops, nicolae_shop_stone
D:9:      layout_rooms, minmay_lair_entry_grove
D:10:     layout_roguey, uniq_psyche
D:11:     layout_irregular_city, orc_0_dummy, serial_shops,
          nicolae_stop_n_shop_2, nicolae_uskayaw_murder_on_the_dancefloor
D:12:     layout_layer_cave
D:13:     layout_big_octagon, portal_ice_cave_rime, serial_shops,
          nicolae_shop_advertising_works [nicolae_subvault_shop_adworks],
          roderic_filled_cross
D:14:     layout_cave_pools, hangedman_vaults_entry_quadrant_bands
D:15:     gammafunk_depths_entry_grave, layout_loops_cross, serial_shops, shop,
          hangedman_decor_clover_reticule
Temple:   minmay_crystal_spiral_temple
Lair:1:   layout_small_grid
Lair:2:   layout_gridlike, minmay_shoals_entry_beasts,
          hellmonk_spider_entry_life_and_decay, grunt_megastairs_1,
          serial_bayou_shore_a, lemuel_fruit_fields, uniq_nergalle
Lair:3:   layout_cave_pods, infiniplex_staircase_pool_2, grunt_megastairs_2
Lair:4:   layout_roguey, gauntlet_entry_generic
Lair:5:   layout_loops_ring, minmay_slime_entry_pillars, uniq_kirke
Lair:6:   evilmike_catoblepas_cave, layout_hall_layers,
          ebering_ghost_reflecting_pool, enter_volcano_3
Orc:1:    layout_caves
Orc:2:    grunt_orc_gardens, layout_diamond_mine, grunt_orc_garden,
          grunt_orc_garden, grunt_orc_garden, grunt_orc_garden,
          gammafunk_ghost_berserking_beasts

Skill      XL: |  1  2  3  4  5  6  7  8  9 10 11 12 13 14 15 16 |
---------------+-------------------------------------------------+-----
Short Blades   | 3 4 5 6 8 9 10 11 12 13 | 13.6
Dodging        | 2 3 4 5 7 8 9 10 11 12 13 14 | 14.0
Throwing       | 3 4 5 6 7 8 9 10 12 13 | 13.7
Fighting       | 3 4 5 6 7 8 9 10 12 13 | 13.8
Stealth        | 6 7 8 9 11 12 13 14 15 16 17 | 17.2
Invocations    | 2 4 6 7 8 9 10 | 10.0
Shields        | 2 3 5 |  5.0
Armour         | 5 6 |  6.3

Action                   |  1- 3 |  4- 6 |  7- 9 | 10-12 | 13-15 | 16-18 || total
-------------------------+-------+-------+-------+-------+-------+-------++-------
Melee: Dagger            |     8 |       |       |     2 |       |       ||    10
       Short sword       |    43 |    55 |   309 |   530 |  1192 |   486 ||  2615
       Punch             |     1 |     1 |     3 |     5 |       |       ||    10
       Unarmed           |       |       |       |       |    31 |       ||    31
Throw: Dart              |     4 |       |    39 |   118 |    80 |     6 ||   247
       Stone             |       |       |     6 |       |       |       ||     6
       Boomerang         |       |       |     6 |    30 |   257 |    68 ||   361
       Throwing net      |       |       |       |     1 |       |       ||     1
Invok: Heroism           |       |       |       |       |     3 |       ||     3
       Finesse           |       |       |       |       |     2 |       ||     2
Evoke: Wand              |       |       |       |     5 |     6 |    10 ||    21
  Use: Scroll            |       |     4 |     6 |     6 |    15 |     1 ||    32
       Potion            |       |       |       |       |     3 |     1 ||     4
 Stab: Sleeping          |    14 |    17 |    50 |    25 |    61 |    29 ||   196
       Distracted        |       |       |     2 |       |     2 |     1 ||     5
       Invisible         |       |       |       |     1 |     9 |     6 ||    16
Armor: Robe              |     8 |     8 |    49 |     5 |       |       ||    70
       Steam dragon scal |       |       |       |    70 |    38 |       ||   108
       Leather armour    |       |       |       |       |    98 |    26 ||   124
Dodge: Dodged            |    24 |    16 |   195 |   353 |   587 |   256 ||  1431
Block: Buckler           |       |       |       |    81 |   220 |    98 ||   399
